[Event "Titled Tuesday Blitz May 9 Early 2023"]
[White "Mrudul Dehankar"]
[Black "Morefield, Jason"]
[WhiteFideId "25096990"]
[BlackFideId "30920825"]
[WhiteElo "2139"]
[BlackElo "2171"]
[Result "0-1"]
[Round "03"]
[TimeControl "180+2"]
[Date "2023.05.09"]
[WhiteClock "0:00:03"]
[BlackClock "0:00:05"]

1. e4 d6 2. d4 Nf6 3. Nc3 g6 4. Nf3 Bg7 5. Be2 O-O 6. O-O c6 7. a4 Nbd7 8. h3 e5 9. Be3 exd4 10. Bxd4 Re8 11. Re1 Qc7 12. Bc4 Ne5 13. Bf1 Be6 14. Nd2 g5 15. g3 Rad8 16. f4 gxf4 17. gxf4 c5 18. fxe5 cxd4 19. Nb5 Qc5 20. exf6 d3+ 21. Kh1 dxc2 22. Qf3 Bh6 23. Nb3 Bxb3 24. Qxb3 Kh8 25. Qxf7 Rf8 26. Qd5 Qxd5 27. exd5 a6 28. Nc3 c1=Q 29. Raxc1 Bxc1 30. Rxc1 Rxf6 31. Bg2 Rf2 32. Rb1 Rg8 33. Bf1 Rg6 34. Ne4 Rf4 35. Re1 Kg7 36. Nc3 Kf7 37. Bd3 Rg3 38. Bf1 Rb4 39. Kh2 Rg6 40. Re2 Rf6 41. Bg2 Rf5 42. Ne4 Ke7 43. Nc3+ Re5 44. Rf2 h5 45. Bf3 h4 46. Bg4 Rd4 47. Bf3 Rb4 48. Bg4 b5 49. Rg2 bxa4 50. Rf2 Rb3 51. Bd1 Rb4 52. Bxa4 Re3 53. Bc2 Re5 54. Bf5 Kd8 55. Bg4 Kc7 56. Rc2 Kb6 57. Rd2 a5 58. Kg2 a4 59. Kf2 Ka5 60. Kf3 Rb3 61. Kf2 a3 62. bxa3 Rxc3 63. Rb2 Rxa3 64. Rd2 Rc3 65. Kg2 Kb4 66. Kf2 Kc5 67. Bf3 Rf5 68. Kg2 Rfxf3 0-1


[Site "https://www.chess.com"]

[Event "Titled Tuesday Blitz May 9 Early 2023"]
[White "Papasimakopoulos, Alexandros"]
[Black "Sousa, Andre Ventura"]
[WhiteFideId "4244125"]
[BlackFideId "1917617"]
[WhiteElo "2359"]
[BlackElo "2333"]
[Result "0-1"]
[Round "03"]
[TimeControl "180+2"]
[Date "2023.05.09"]
[WhiteClock "0:00:04"]
[BlackClock "0:00:15"]

1. d4 Nf6 2. c4 e6 3. Nc3 d5 4. cxd5 exd5 5. Bg5 c6 6. e3 h6 7. Bh4 Be7 8. Bd3 O-O 9. Qc2 Re8 10. Nf3 Nbd7 11. O-O Ne4 12. Bxe7 Qxe7 13. Bxe4 dxe4 14. Nd2 Nf6 15. Ne2 Bd7 16. Rab1 a5 17. a3 Nd5 18. Nc3 Nxc3 19. Qxc3 a4 20. Rfc1 Be6 21. Qc5 Bd5 22. Qxe7 Rxe7 23. Rc5 Kf8 24. Rbc1 Ke8 25. Nb1 Kd7 26. Nc3 Bb3 27. Ne2 g5 28. h4 f6 29. Ng3 Bd5 30. Nf5 Rh7 31. h5 Ra6 32. R1c2 Ke6 33. g4 Rh8 34. Kf1 Bb3 35. Rd2 Kd7 36. Ke2 Be6 37. f3 Bd5 38. fxe4 Bxe4 39. Ng3 Bd5 40. e4 Re8 41. Kd3 Ba2 42. Rf2 Re6 43. Rcf5 Rb6 44. Kc2 Rb3 45. R2f3 Rxf3 46. Rxf3 Bb3+ 47. Kd3 Ba2 48. Rf1 b5 49. Ke3 Bc4 50. Rd1 Bd5 51. Kf3 Bb3 52. Rd2 Ba2 53. Nf5 Bb1 54. Re2 c5 55. dxc5 Re5 56. Nxh6 Ke6 57. Re1 Bc2 58. Re2 Bd1 59. Nf5 Bxe2+ 60. Kxe2 Rxe4+ 61. Kf3 Re1 62. Ng3 Rc1 63. Ne4 f5 64. gxf5+ Kxf5 65. h6 g4+ 66. Ke3 Re1+ 67. Kd4 Rxe4+ 68. Kd5 Re5+ 69. Kd4 Re6 70. h7 Rh6 0-1


[Site "https://www.chess.com"]

[Event "Titled Tuesday Blitz May 9 Early 2023"]
[White "Hadzimanolis, Antonios"]
[Black "Prohaszka, Peter"]
[WhiteFideId "4202813"]
[BlackFideId "726265"]
[WhiteElo "2242"]
[BlackElo "2626"]
[Result "0-1"]
[Round "03"]
[TimeControl "180+2"]
[Date "2023.05.09"]
[WhiteClock "0:00:08"]
[BlackClock "0:00:17"]

1. e4 c6 2. d4 d5 3. exd5 cxd5 4. Bd3 Nc6 5. c3 Nf6 6. h3 g6 7. Bf4 Bf5 8. Nf3 e6 9. O-O h5 10. Re1 Bd6 11. Bxd6 Qxd6 12. Ne5 Qc7 13. Bxf5 gxf5 14. Nd2 Nxe5 15. Rxe5 O-O-O 16. a4 Kb8 17. a5 Rhg8 18. a6 b6 19. Rc1 Qc8 20. Qe2 Rg6 21. c4 Rdg8 22. g3 h4 23. Nf1 hxg3 24. fxg3 Ne4 25. Rxe4 fxe4 26. c5 e5 27. dxe5 Qxh3 28. Qf2 Rxg3+ 29. Nxg3 Rxg3+ 0-1


[Site "https://www.chess.com"]

[Event "Titled Tuesday Blitz May 9 Early 2023"]
[White "Lopez Del Alamo, Antonio"]
[Black "Tisaj, Domen"]
[WhiteFideId "2227339"]
[BlackFideId "14628708"]
[WhiteElo "2175"]
[BlackElo "2340"]
[Result "0-1"]
[Round "03"]
[TimeControl "180+2"]
[Date "2023.05.09"]
[WhiteClock "0:01:32"]
[BlackClock "0:02:54"]

1. e4 e5 2. Bc4 Nf6 3. d3 Nc6 4. Nc3 Na5 5. Nge2 Bc5 6. O-O c6 7. a4 Nxc4 8. dxc4 d6 9. Bg5 h6 10. Bh4 g5 11. Bg3 h5 12. h3 h4 13. Bh2 g4 14. Kh1 gxh3 15. gxh3 Bxh3 16. Rg1 Ng4 17. Rxg4 Bxg4 18. Qf1 Bf3+ 0-1


[Site "https://www.chess.com"]

[Event "Titled Tuesday Blitz May 9 Early 2023"]
[White "Kollars, Dmitrij"]
[Black "Kucuksari, Kaan"]
[WhiteFideId "12909572"]
[BlackFideId "6380166"]
[WhiteElo "2584"]
[BlackElo "2364"]
[Result "1-0"]
[Round "03"]
[TimeControl "180+2"]
[Date "2023.05.09"]
[WhiteClock "0:00:12"]
[BlackClock "0:00:04"]

1. Nf3 Nf6 2. g3 b6 3. Bg2 Bb7 4. O-O e6 5. d4 Be7 6. c4 O-O 7. Nc3 Ne4 8. Bd2 d6 9. Qc2 Nxd2 10. Qxd2 Nd7 11. e4 e5 12. Rad1 Bf6 13. d5 g6 14. h4 Bg7 15. Bh3 Bc8 16. Kh2 a5 17. Ne1 f5 18. Nd3 Nf6 19. f3 f4 20. gxf4 Nh5 21. f5 Qxh4 22. Qf2 Qxf2+ 23. Rxf2 gxf5 24. Rg2 fxe4 25. Bxc8 exd3 26. Bg4 Nf4 27. Rg3 Kh8 28. Ne4 a4 29. Bd7 a3 30. b3 Rf7 31. Be6 Nxe6 32. dxe6 Re7 33. Rxd3 Rxe6 34. Kg2 Rg6 35. Rxg6 hxg6 36. Nc3 Bf6 37. b4 Kg7 38. b5 Bd8 39. Nd5 Ra4 40. Rc3 Kf7 41. Kf2 Ke6 42. Ke2 Kd7 43. Kd3 c6 44. bxc6+ Kxc6 45. Rb3 Ra5 46. Nb4+ Kd7 47. Nd5 Kc6 48. Rb4 Bg5 49. Rxb6+ Kd7 50. Rb7+ Ke6 51. Rb6 Be7 52. Rb8 Bg5 53. Rg8 Kf7 54. Rc8 Bc1 55. Rc7+ Ke6 56. Ke4 Bg5 57. Rh7 Bd8 58. Rh8 Rc5 59. Kd3 Bg5 60. Ra8 Kf5 61. Rxa3 Bf4 62. Ra8 g5 63. a4 Ke6 64. a5 Kd7 65. Ra7+ Kc8 66. a6 Ra5 67. Nb6+ Kd8 68. Rd7+ Ke8 69. a7 Ra3+ 70. Ke4 Be3 71. Rb7 Bxb6 72. Rb8+ Kd7 73. a8=Q Rxa8 74. Rxa8 Bc5 75. Rg8 Kc6 76. Rxg5 Kb6 77. Kd5 Ka5 78. Rg6 Kb4 79. Rxd6 Bd4 80. Rc6 1-0


[Site "https://www.chess.com"]

[Event "Titled Tuesday Blitz May 9 Early 2023"]
[White "Kalajzic, Ivan"]
[Black "Kozak, Adam"]
[WhiteFideId "14506378"]
[BlackFideId "753246"]
[WhiteElo "2203"]
[BlackElo "2469"]
[Result "0-1"]
[Round "03"]
[TimeControl "180+2"]
[Date "2023.05.09"]
[WhiteClock "0:00:12"]
[BlackClock "0:00:09"]

1. d4 Nf6 2. Nc3 d5 3. Bg5 h6 4. Bh4 Ne4 5. Nxe4 dxe4 6. e3 c6 7. Bc4 Qa5+ 8. c3 Nd7 9. Qb3 Qf5 10. g4 Qg6 11. Ne2 e6 12. h3 Nb6 13. Nf4 Qh7 14. Bxe6 fxe6 15. Nxe6 g5 16. Bg3 Nd5 17. Nc5 Bxc5 18. dxc5 Qf7 19. O-O-O Be6 20. c4 Nf6 21. Rd4 O-O 22. Bd6 Rfe8 23. h4 Nxg4 24. hxg5 Qxf2 25. gxh6 Kh7 26. Rxe4 b5 27. Qc3 Qf6 28. Be5 Nxe5 29. Rxe5 Bxc4 30. Qc2+ Kh8 31. Rf5 Qe7 32. Qc3+ Kh7 33. Rh3 Rg8 34. b3 Be6 35. Re5 Rg6 36. Rf3 Rag8 37. Kb2 Qd7 38. Rf4 a5 39. Rd4 Qc7 40. Rd2 b4 41. Qd3 Qf7 42. Qd4 Qf6 43. Re4 Qxd4+ 44. Rexd4 Rxh6 45. Rd6 Bd5 46. Rxh6+ Kxh6 47. Rh2+ Kg7 48. Rf2 Re8 49. a3 Rxe3 50. axb4 Rxb3+ 51. Kc2 Rxb4 52. Re2 Rb5 53. Kc3 Rxc5+ 54. Kd4 Rb5 55. Ke5 Bc4+ 56. Kd6 Bxe2 57. Kxc6 Kg6 58. Kd6 Kg5 59. Kc6 Kg4 0-1


[Site "https://www.chess.com"]

[Event "Titled Tuesday Blitz May 9 Early 2023"]
[White "Bilan, Danila"]
[Black "Adhiban, B."]
[WhiteFideId "24161918"]
[BlackFideId "5018471"]
[WhiteElo "2182"]
[BlackElo "2587"]
[Result "0-1"]
[Round "03"]
[TimeControl "180+2"]
[Date "2023.05.09"]
[WhiteClock "0:00:51"]
[BlackClock "0:02:40"]

1. d4 Nf6 2. Nf3 c5 3. e3 d5 4. c3 Nc6 5. Bd3 Bg4 6. Nbd2 e6 7. O-O Qc7 8. dxc5 Bxc5 9. e4 O-O-O 10. Qc2 dxe4 11. Nxe4 Bxf3 12. gxf3 Ne5 13. Kg2 Nxd3 0-1


[Site "https://www.chess.com"]

[Event "Titled Tuesday Blitz May 9 Early 2023"]
[White "Matlakov, Maxim"]
[Black "Santos Flores, Alberto"]
[WhiteFideId "4168003"]
[BlackFideId "3601234"]
[WhiteElo "2666"]
[BlackElo "2235"]
[Result "1-0"]
[Round "03"]
[TimeControl "180+2"]
[Date "2023.05.09"]
[WhiteClock "0:01:36"]
[BlackClock "0:00:14"]

1. Nf3 d5 2. e3 Nf6 3. c4 c6 4. b3 Bf5 5. Bb2 e6 6. Be2 h6 7. O-O Nbd7 8. d3 Be7 9. Nbd2 O-O 10. Qc2 a5 11. a3 Bh7 12. Bc3 b5 13. Rfd1 Qb6 14. cxd5 cxd5 15. b4 axb4 16. axb4 Qb7 17. Qb2 Rfc8 18. Nb3 Ne8 19. h3 Bf6 20. Bxf6 Nexf6 21. Rxa8 Rxa8 22. d4 Nb6 23. Nc5 Qc6 24. Ne5 Qe8 25. Ra1 Nc4 26. Qc1 Ne4 27. Ned3 Ned6 28. Bh5 Bxd3 29. Nxd3 g6 30. Be2 Ne4 31. Nc5 Nxc5 32. dxc5 Rxa1 33. Qxa1 Qc6 34. Qa7 Kg7 35. Qb8 g5 36. g3 Kh7 37. Qf8 Qc7 38. Bh5 Nxe3 39. Bxf7 1-0


[Site "https://www.chess.com"]

[Event "Titled Tuesday Blitz May 9 Early 2023"]
[White "Ter-Sahakyan, Samvel"]
[Black "Yeritsyan, Hayk"]
[WhiteFideId "13302531"]
[BlackFideId "13307320"]
[WhiteElo "2545"]
[BlackElo "2509"]
[Result "1-0"]
[Round "03"]
[TimeControl "180+2"]
[Date "2023.05.09"]
[WhiteClock "0:00:52"]
[BlackClock "0:00:00"]

1. d4 Nf6 2. c4 g6 3. Nc3 Bg7 4. e4 d6 5. Be2 O-O 6. Be3 Na6 7. Nf3 c5 8. d5 Ng4 9. Bg5 h6 10. Bh4 Nc7 11. O-O a6 12. a4 Rb8 13. Nd2 Nf6 14. f4 Nd7 15. Kh1 Qe8 16. Qc2 b5 17. axb5 axb5 18. cxb5 Nb6 19. Ra7 Rb7 20. Rxb7 Bxb7 21. Nc4 Nxc4 22. Bxc4 Qd7 23. h3 Ra8 24. Re1 e6 25. Qd3 exd5 26. exd5 Re8 27. Rxe8+ Nxe8 28. b3 Nf6 29. Ne4 Nh5 30. Qf3 f5 31. Nf2 Qe8 32. Nd3 Nf6 33. Nxc5 dxc5 34. d6+ Kh7 35. Qxb7 1-0


[Site "https://www.chess.com"]

[Event "Titled Tuesday Blitz May 9 Early 2023"]
[White "Shvedova, Alexandra"]
[Black "Chigaev, Maksim"]
[WhiteFideId "54154782"]
[BlackFideId "4108116"]
[WhiteElo "1973"]
[BlackElo "2558"]
[Result "0-1"]
[Round "03"]
[TimeControl "180+2"]
[Date "2023.05.09"]
[WhiteClock "0:00:03"]
[BlackClock "0:00:12"]

1. e4 e6 2. d4 d5 3. Nd2 c5 4. exd5 Qxd5 5. Ngf3 cxd4 6. Bc4 Qd7 7. O-O Nc6 8. Nb3 a6 9. Nbxd4 Nxd4 10. Nxd4 Nf6 11. Re1 b5 12. Bb3 Bb7 13. c3 Bc5 14. Be3 O-O 15. Nf3 Bxe3 16. Rxe3 Qc6 17. Qf1 Nd5 18. Bxd5 Qxd5 19. Rd3 Qf5 20. Rad1 Be4 21. Re3 Bxf3 22. Rxf3 Qc2 23. Rfd3 Qxb2 24. R1d2 Qa3 25. h3 Qc5 26. Qe2 h6 27. Qf3 Rac8 28. Qb7 a5 29. Qe4 Qc4 30. Qf3 a4 31. Qb7 Rb8 32. Qe7 b4 33. cxb4 Qxb4 34. Qd7 Qf4 35. g3 Rb1+ 36. Rd1 Rxd1+ 37. Rxd1 Qc4 38. Qd2 Rb8 39. Rc1 Qe4 40. Re1 Qb4 41. Qe2 Qb2 42. Kg2 Qxe2 43. Rxe2 Rb4 44. Kf3 g5 45. Rc2 Kg7 46. Ke3 h5 47. Kf3 Kg6 48. Ke3 f5 49. Rc6 Kf6 50. Ra6 h4 51. Kf3 Rc4 52. Kg2 hxg3 53. Kxg3 Rc3+ 54. Kg2 Ra3 55. f3 Rxa2+ 56. Kg3 f4+ 57. Kg4 Rg2+ 58. Kh5 Rg3 59. h4 Rh3 0-1


[Site "https://www.chess.com"]

[Event "Titled Tuesday Blitz May 9 Early 2023"]
[White "Bambino Filho, Antonio Carlos"]
[Black "Pranesh M"]
[WhiteFideId "2113163"]
[BlackFideId "35028600"]
[WhiteElo "2509"]
[BlackElo "2437"]
[Result "0-1"]
[Round "03"]
[TimeControl "180+2"]
[Date "2023.05.09"]
[WhiteClock "0:00:06"]
[BlackClock "0:00:07"]

1. d4 d5 2. c4 c6 3. Nf3 Nf6 4. Nc3 dxc4 5. a4 Bf5 6. e3 e6 7. Bxc4 Bb4 8. O-O O-O 9. Qe2 Ne4 10. Bd2 Nxd2 11. Nxd2 c5 12. dxc5 Bxc5 13. Nde4 Be7 14. Rfd1 Qa5 15. Ng3 Bg6 16. Nb5 Nc6 17. Nd6 Qb4 18. Nde4 Na5 19. Bd3 Rfd8 20. Nc3 Bxd3 21. Rxd3 Rxd3 22. Qxd3 Qxb2 23. Rb1 Qa3 24. Nge4 Rd8 25. Qb5 b6 26. g4 h6 27. Ne2 Rd5 28. Qa6 Qd3 29. Qxd3 Rxd3 30. Rc1 Rd7 31. Rc8+ Kh7 32. Nd4 Nb7 33. Nc6 Nc5 34. Nxc5 Bxc5 35. Ra8 a5 36. Ra7 Rd1+ 37. Kg2 f6 38. Nb8 Ra1 39. Nd7 Rxa4 40. Nxf6+ Kg6 41. Ne8 Bf8 42. f4 Rc4 43. Rb7 Rc8 44. Nc7 Kf6 45. Kf3 a4 46. Nb5 Bc5 47. h3 Ra8 48. h4 a3 49. g5+ hxg5 50. hxg5+ Kg6 51. Nxa3 Rxa3 52. Kg4 Rxe3 53. Rc7 Re1 54. Rc6 Kh7 55. f5 exf5+ 56. Kh5 Rh1# 0-1


[Site "https://www.chess.com"]

[Event "Titled Tuesday Blitz May 9 Early 2023"]
[White "Costachi, Mihnea"]
[Black "Pham, Le Thao Nguyen"]
[WhiteFideId "1217518"]
[BlackFideId "12401226"]
[WhiteElo "2456"]
[BlackElo "2286"]
[Result "1-0"]
[Round "03"]
[TimeControl "180+2"]
[Date "2023.05.09"]
[WhiteClock "0:01:24"]
[BlackClock "0:00:00"]

1. Nc3 d5 2. d4 c6 3. Bf4 Nf6 4. f3 a6 5. e4 e6 6. Nh3 b5 7. e5 Nfd7 8. Bd3 c5 9. O-O Nc6 10. dxc5 Bxc5+ 11. Kh1 Bb7 12. Qe1 Ne7 13. Rd1 Ng6 14. Bg5 Qc7 15. f4 Ne7 16. Qg3 g6 17. a4 b4 18. Ne2 O-O-O 19. c3 Kb8 20. Nd4 Rc8 21. Nb3 Nf5 22. Bxf5 gxf5 23. Nxc5 Qxc5 24. Qd3 Rhg8 25. Bh4 bxc3 26. Rc1 d4 27. Bg3 Qd5 28. Rg1 cxb2 29. Rb1 Rc1 30. Rxb2 Rgc8 31. Rxc1 Rxc1+ 32. Ng1 Nc5 33. Qd2 Ra1 34. Qb4 d3 35. h3 Ne4 36. Be1 d2 37. Qf8+ Ka7 38. Rxb7+ Kxb7 39. Qb4+ 1-0


[Site "https://www.chess.com"]

[Event "Titled Tuesday Blitz May 9 Early 2023"]
[White "Isanzhulov, Arystan"]
[Black "Jaskolka, Tomasz"]
[WhiteFideId "13711644"]
[BlackFideId "1170791"]
[WhiteElo "2467"]
[BlackElo "2155"]
[Result "1-0"]
[Round "03"]
[TimeControl "180+2"]
[Date "2023.05.09"]
[WhiteClock "0:01:25"]
[BlackClock "0:00:02"]

1. b3 d5 2. Bb2 Bf5 3. Nf3 e6 4. g3 c6 5. Bg2 Nd7 6. O-O h6 7. d3 Ngf6 8. Nbd2 Be7 9. Re1 Bg6 10. e4 O-O 11. Qe2 Re8 12. Rad1 Qa5 13. a3 Rac8 14. c4 dxe4 15. dxe4 Rcd8 16. b4 Qc7 17. e5 Nh7 18. h3 Ng5 19. Nxg5 Bxg5 20. Ne4 Bxe4 21. Qxe4 Be7 22. c5 Nf8 23. Qg4 a5 24. Rd6 axb4 25. axb4 Ra8 26. Be4 Ra4 27. Bc1 Rxb4 28. Bxh6 Ng6 29. h4 gxh6 30. Rxe6 Rxe4 31. Rxg6+ fxg6 32. Qxg6+ Kf8 33. Rxe4 Bg5 34. hxg5 hxg5 35. Qxg5 Re7 36. e6 Rg7 37. Qh6 Kg8 38. Rh4 Kf8 39. Qh8+ Rg8 40. Qf6+ Ke8 41. Ra4 Qb8 42. Qf7+ Kd8 43. Qd7# 1-0


[Site "https://www.chess.com"]

[Event "Titled Tuesday Blitz May 9 Early 2023"]
[White "Spalir, Jernej"]
[Black "Bachmann, Axel"]
[WhiteFideId "14606518"]
[BlackFideId "3700488"]
[WhiteElo "2282"]
[BlackElo "2605"]
[Result "0-1"]
[Round "03"]
[TimeControl "180+2"]
[Date "2023.05.09"]
[WhiteClock "0:01:06"]
[BlackClock "0:01:00"]

1. d4 Nf6 2. Nf3 e6 3. c4 c5 4. d5 exd5 5. cxd5 d6 6. Nc3 g6 7. h3 Bg7 8. Qa4+ Nbd7 9. Bf4 O-O 10. Bxd6 Nb6 11. Qf4 Nfxd5 12. Nxd5 Nxd5 13. Qg3 Bxb2 14. Rd1 Qa5+ 15. Nd2 Nc3 16. Bxf8 Nxd1 17. Kxd1 Qxa2 18. e4 Be6 19. Bd3 Rxf8 20. Ke2 Rd8 21. Bb1 Qa6+ 22. Bd3 c4 23. Bc2 c3+ 24. Bd3 Qa2 0-1


[Site "https://www.chess.com"]

[Event "Titled Tuesday Blitz May 9 Early 2023"]
[White "Jovic, Stanoje"]
[Black "Sethuraman, S.P."]
[WhiteFideId "905020"]
[BlackFideId "5021596"]
[WhiteElo "2236"]
[BlackElo "2543"]
[Result "0-1"]
[Round "03"]
[TimeControl "180+2"]
[Date "2023.05.09"]
[WhiteClock "0:00:00"]
[BlackClock "0:01:27"]

1. c4 e5 2. g3 Nc6 3. Bg2 h5 4. h3 Bc5 5. Nc3 d6 6. Nf3 a6 7. e3 Ba7 8. d4 Nf6 9. b4 O-O 10. b5 exd4 11. exd4 Re8+ 12. Be3 Na5 13. Qd3 axb5 14. cxb5 Be6 15. Nd2 Qd7 16. Kf1 Bf5 17. Nde4 Nxe4 18. Bxe4 Rxe4 19. Nxe4 d5 20. f3 dxe4 21. fxe4 Bxh3+ 22. Kf2 Re8 23. a4 Bg4 24. Rac1 Bb6 25. d5 f5 26. Bxb6 fxe4 27. Qe3 cxb6 28. Qd4 e3+ 29. Kg2 Nb3 0-1


[Site "https://www.chess.com"]

[Event "Titled Tuesday Blitz May 9 Early 2023"]
[White "Hayrapetyan, Hovik"]
[Black "Shuvalov, Evgenij"]
[WhiteFideId "13302639"]
[BlackFideId "4187237"]
[WhiteElo "2348"]
[BlackElo "2080"]
[Result "0-1"]
[Round "03"]
[TimeControl "180+2"]
[Date "2023.05.09"]
[WhiteClock "0:00:00"]
[BlackClock "0:00:19"]

1. d4 Nf6 2. c4 g6 3. Nc3 d5 4. cxd5 Nxd5 5. e4 Nxc3 6. bxc3 Bg7 7. Nf3 c5 8. Rb1 O-O 9. Be2 Nc6 10. d5 Ne5 11. Nxe5 Bxe5 12. Qd2 e6 13. f4 Bc7 14. O-O exd5 15. exd5 Ba5 16. d6 Rb8 17. Ba3 b6 18. Rbd1 Bd7 19. f5 Bxf5 20. Bb2 b5 21. Rxf5 gxf5 22. Qd3 Qf6 23. d7 c4 24. Qd5 Rfd8 25. Bf3 Bxc3 26. Bxc3 Qxc3 27. Qxf5 Qg7 28. Bd5 Qg6 29. Qf4 c3 30. Rf1 Rf8 31. Bxf7+ Qxf7 32. Qg5+ Qg7 33. Qd5+ Kh8 0-1


[Site "https://www.chess.com"]

[Event "Titled Tuesday Blitz May 9 Early 2023"]
[White "Sokolovsky, Yahli"]
[Black "Hirneise, Jens"]
[WhiteFideId "2820242"]
[BlackFideId "24614734"]
[WhiteElo "2389"]
[BlackElo "2345"]
[Result "1-0"]
[Round "03"]
[TimeControl "180+2"]
[Date "2023.05.09"]
[WhiteClock "0:00:36"]
[BlackClock "0:00:30"]

1. b3 a5 2. Bb2 a4 3. b4 e6 4. a3 Nf6 5. c4 d5 6. c5 b6 7. d4 Be7 8. Nf3 O-O 9. e3 Ne4 10. Nc3 Nxc3 11. Bxc3 Qe8 12. Bd3 b5 13. h4 f5 14. Ng5 c6 15. Qc2 h6 16. Nf3 Nd7 17. O-O-O Nf6 18. Ne5 Ne4 19. f3 Nxc3 20. Qxc3 Bf6 21. h5 Bxe5 22. dxe5 Ra7 23. Rdg1 Qd8 24. f4 d4 25. exd4 Rd7 26. Rd1 Rxd4 27. Be2 Rxd1+ 28. Rxd1 Qh4 29. g3 Qh2 30. Qf3 Qh3 31. Rh1 Qg4 32. Qf2 Qxe2 33. Qxe2 1-0


[Site "https://www.chess.com"]

[Event "Titled Tuesday Blitz May 9 Early 2023"]
[White "Perera Alfonso, Rene Humberto"]
[Black "Cherniaiev, Tykhon"]
[WhiteFideId "3514722"]
[BlackFideId "14182360"]
[WhiteElo "2313"]
[BlackElo "2450"]
[Result "0-1"]
[Round "03"]
[TimeControl "180+2"]
[Date "2023.05.09"]
[WhiteClock "0:00:45"]
[BlackClock "0:01:01"]

1. e4 e5 2. Nf3 Nc6 3. Bb5 Nge7 4. O-O a6 5. Ba4 Ng6 6. c3 Be7 7. d4 exd4 8. cxd4 b5 9. Bb3 O-O 10. Nc3 d6 11. h3 Na5 12. Bc2 c5 13. d5 Bf6 14. Re1 Re8 15. a3 Nc4 16. Qd3 Bb7 17. Rb1 Rc8 18. b3 Nce5 19. Nxe5 Nxe5 20. Qg3 b4 21. Nd1 bxa3 22. Bxa3 Qa5 23. b4 cxb4 24. Bxb4 Qa2 25. Bxd6 Bxd5 26. Ne3 Bc6 27. Bb3 Qa5 28. Nf5 Ng6 29. Ra1 Bxa1 30. e5 Qxe1+ 0-1


[Site "https://www.chess.com"]

[Event "Titled Tuesday Blitz May 9 Early 2023"]
[White "surrenderPLS"]
[Black "Starozhilov, Leonid"]
[BlackFideId "14106752"]
[WhiteElo "2493"]
[BlackElo "2352"]
[Result "1-0"]
[Round "03"]
[TimeControl "180+2"]
[Date "2023.05.09"]
[WhiteClock "0:00:17"]
[BlackClock "0:00:02"]

1. e4 g6 2. d4 Bg7 3. Nc3 d6 4. Nf3 Nf6 5. Be3 O-O 6. Qd2 Bg4 7. O-O-O Nc6 8. Be2 Bxf3 9. gxf3 e5 10. d5 Nd4 11. h4 Nh5 12. Nb5 Nxe2+ 13. Qxe2 Nf4 14. Bxf4 exf4 15. h5 a6 16. Nd4 Qf6 17. hxg6 hxg6 18. c3 Rfe8 19. Qf1 b5 20. Qh3 Rab8 21. Rdg1 b4 22. Nf5 bxc3 23. b3 c2 24. Qh7+ Kf8 25. Qxg7+ Qxg7 26. Nxg7 Kxg7 27. Kxc2 a5 28. Rg4 c6 29. dxc6 Rec8 30. Kb2 a4 31. Rc1 axb3 32. axb3 Rb6 33. Rxf4 Rcxc6 34. Rxc6 Rxc6 35. Rh4 Kf6 36. b4 Ke7 37. Rh1 Kd7 38. Rc1 Ra6 39. Ra1 Rc6 40. Kb3 Ke6 41. Ra2 f5 42. Rc2 Rb6 43. Ka4 Ke5 44. b5 fxe4 45. fxe4 Kxe4 46. Rc6 Rb8 47. Rxd6 g5 48. Rf6 Ke5 49. Rf7 Ke6 50. Rf3 Ke5 51. Ka5 Ra8+ 52. Kb6 Rb8+ 53. Ka6 Ra8+ 54. Kb7 Ra1 55. b6 Kd6 56. Rf6+ Kd7 57. Rg6 Ra5 58. Rg7+ Kd8 59. Kb8 Rf5 60. b7 Rxf2 61. Rxg5 Ra2 62. Rd5+ Ke7 63. Kc7 Rc2+ 64. Kb6 Rb2+ 65. Rb5 1-0


[Site "https://www.chess.com"]

[Event "Titled Tuesday Blitz May 9 Early 2023"]
[White "Rakotomaharo, Fy Antenaina"]
[Black "Hossain, Enamul"]
[WhiteFideId "13100050"]
[BlackFideId "10200649"]
[WhiteElo "2427"]
[BlackElo "2433"]
[Result "1-0"]
[Round "03"]
[TimeControl "180+2"]
[Date "2023.05.09"]
[WhiteClock "0:01:59"]
[BlackClock "0:00:51"]

1. e4 c5 2. Nf3 Nc6 3. Bb5 g6 4. Bxc6 dxc6 5. d3 Bg7 6. h3 Nf6 7. O-O Nd7 8. Nc3 e5 9. a3 Qe7 10. b4 cxb4 11. axb4 Qxb4 12. Qd2 Qb6 13. Ba3 Bf8 14. Rfb1 Qc7 15. Bxf8 Kxf8 16. Qh6+ Kg8 17. d4 exd4 18. Nxd4 Nf8 19. f4 Qd6 20. Rd1 Ne6 21. Nxe6 1-0


[Site "https://www.chess.com"]

[Event "Titled Tuesday Blitz May 9 Early 2023"]
[White "Zavortink, Matt"]
[Black "Orozbaev, Eldiar"]
[WhiteFideId "2034263"]
[BlackFideId "13802240"]
[WhiteElo "2488"]
[BlackElo "2201"]
[Result "0-1"]
[Round "03"]
[TimeControl "180+2"]
[Date "2023.05.09"]
[WhiteClock "0:00:11"]
[BlackClock "0:01:14"]

1. Nf3 d6 2. g3 e5 3. Bg2 g6 4. d4 e4 5. Nfd2 d5 6. c4 c5 7. cxd5 cxd4 8. Qa4+ Nd7 9. Qxd4 Ngf6 10. Nxe4 Bg7 11. Nd6+ Ke7 12. Qb4 Nc5 13. Qxc5 Qxd6 14. Qxd6+ Kxd6 15. Bf4+ Ke7 16. Nc3 Bf5 17. O-O Rhd8 18. e4 Bd7 19. Rfe1 Nh5 20. Bg5+ f6 21. Be3 Rac8 22. Rac1 Kf7 23. Bxa7 f5 24. exf5 gxf5 25. Bf3 Nf6 26. Bd4 f4 27. gxf4 Bh6 28. Be5 Bh3 29. Kh1 Ng4 30. Re2 Nxe5 31. Rxe5 Bxf4 32. Rh5 Bxc1 33. Rxh7+ Kg6 34. Rxh3 Bxb2 35. Ne2 Be5 36. Be4+ Kf6 37. f4 Bd6 38. Rh6+ Kg7 39. Re6 Ra8 40. Nd4 Bxf4 41. Nf5+ Kf7 42. h4 Rxa2 43. Rb6 Rda8 44. Rxb7+ Kf6 45. Rb6+ Kf7 46. Rb7+ Kf8 47. d6 Re2 48. Bf3 Rh2+ 0-1


[Site "https://www.chess.com"]

[Event "Titled Tuesday Blitz May 9 Early 2023"]
[White "Turzo, Attila"]
[Black "Harshavardhan G B"]
[WhiteFideId "704954"]
[BlackFideId "25059009"]
[WhiteElo "2485"]
[BlackElo "2323"]
[Result "0-1"]
[Round "03"]
[TimeControl "180+2"]
[Date "2023.05.09"]
[WhiteClock "0:01:30"]
[BlackClock "0:02:02"]

1. e4 e5 2. Nf3 Nc6 3. d4 exd4 4. Nxd4 Nf6 5. Nxc6 bxc6 6. e5 Qe7 7. Qe2 Nd5 8. h4 h5 9. g3 g6 10. c4 Ba6 11. b3 Bg7 12. Bb2 O-O 13. Bg2 d6 14. exd6 Qxe2+ 15. Kxe2 Bxb2 16. Nd2 Bxa1 17. Rxa1 cxd6 18. Kd1 Nf6 19. Bxc6 Rad8 20. Kc2 d5 21. c5 Rc8 22. Ba4 Rxc5+ 23. Kb2 Rfc8 24. b4 R5c7 25. Nf3 Ne4 26. Nd4 Nxf2 27. b5 Bb7 28. Bc2 Rc4 29. Rf1 Rxd4 30. Rxf2 Rb4+ 31. Ka3 Rxb5 32. Bb3 Kg7 33. Rf4 Rc7 34. Ka4 Rbc5 35. Kb4 a5+ 36. Ka3 Ba6 37. Rd4 Bc4 38. Ka4 Bxb3+ 39. axb3 Rc3 40. Rxd5 Rxg3 41. Rxa5 Rg4+ 42. b4 Rxh4 43. Rb5 Rcc4 44. Rb8 g5 45. Ka5 g4 46. b5 g3 47. b6 g2 48. b7 Ra4+ 49. Kb6 Rab4+ 50. Kc5 g1=Q+ 51. Kc6 Qg2+ 52. Kd6 Rhd4+ 0-1


[Site "https://www.chess.com"]